 Dungeon Crawl Stone Soup version 0.28.0-53-g5a82cb258f (webtiles) character file.

Game seed: 3984492457036573347

159 DungeonMaster the Magician (level 5, -1/38 HPs)
             Began as a Demonspawn Hedge Wizard on July 4, 2022.
             Slain by a wyvern zombie (2 damage)
             ... on level 5 of the Dungeon.
             The game lasted 00:07:15 (4641 turns).

DungeonMaster the Magician (DsWz)                   Turns: 4641, Time: 00:07:15

Health: -1/38      AC:  7    Str: 10    XL:     5   Next: 17%
Magic:  0/10       EV: 11    Int: 17    God:
Gold:   121        SH:  4    Dex:  9    Spells: 5/11 levels left

rFire   . . .      SeeInvis .   a - +0 rapier
rCold   + . .      Faith    .   (no shield)
rNeg    . . .      Spirit   .   k - +3 leather armour {rC+}
rPois   .          Reflect  .   c - +0 hat
rElec   .          Harm     .   (no cloak)
rCorr   .          Rampage  .   (no gloves)
Will    .....                   g - +0 pair of boots
Stlth   +.........              (no amulet)
HPRegen 0.12/turn               (no ring)
MPRegen 0.12/turn               (no ring)

@: flying
A: condensation shield, weakness stinger 1, clumsy 2, robust 1, inability to
read while threatened
a: no special abilities


You were on level 5 of the Dungeon.
You visited 1 branch of the dungeon, and saw 5 of its levels.

You collected 121 gold pieces.

Inventory:

Hand Weapons
 a - a +0 rapier (weapon)
 w - a +1 hunting sling of flaming
Missiles
 e - 27 arrows
 f - 29 sling bullets
 h - 15 bolts
 j - 52 stones
 l - 3 datura-tipped darts
Armour
 c - a +0 hat (worn)
 g - a +0 pair of boots (worn)
 k - a +3 leather armour of cold resistance (worn)
Scrolls
 i - a scroll of blinking
 p - a scroll of enchant armour {unknown}
Potions
 d - a potion of ambrosia
 n - a potion of curing {unknown}
 o - a potion of heal wounds {unknown}


   Skills:
 * Level 1.7 Armour
 - Level 1.7 Dodging
 - Level 1.7 Stealth
 * Level 3.8 Spellcasting
 * Level 2.6 Conjurations
 - Level 1.0 Summonings
 - Level 0.8 Translocations
 * Level 1.3 Air Magic
 * Level 1.4 Poison Magic


You had 5 spell levels left.
You knew the following spells:

 Your Spells              Type           Power      Damage    Failure   Level
a - Magic Dart            Conj           48%        1d5       7%          1
b - Blink                 Tloc           12%        N/A       22%         2
d - Mephitic Cloud        Conj/Pois/Air  9%         N/A       30%         3

Your spell library contained the following spells:

 Spells                   Type           Power      Damage    Failure   Level
 Animate Skeleton         Necr           6%         N/A       22%         1
 Pain                     Necr           12%        1d4       22%         1
 Slow                     Hex            12%        N/A       22%         1
 Call Imp                 Summ           6%         N/A       22%         2
 Conjure Flame            Conj/Fire      7%         6-21      36%         3
 Frozen Ramparts          Ice            6%         1d2       54%         3
 Tukima's Dance           Hex            3%         N/A       54%         3
 Vampiric Draining        Necr           3%         2d6       54%         3
 Passage of Golubria      Tloc           6%         N/A       83%         4
 Summon Ice Beast         Ice/Summ       4%         N/A       86%         4
 Ice Form                 Ice/Tmut       3%         N/A       91%         4
 Yara's Violent Unravell  Hex/Tmut       1%         3d3       99%         5


Dungeon Overview and Level Annotations

Branches:
Dungeon (5/15)
 Temple: D:4-7

Altars:

Shops:
D:1 [

Annotations:
D:2 1 runed translucent door, Crazy Yiuf


Innate Abilities, Weirdness & Mutations

A meltable shield of frost defends you. (SH +4)
You have a small tail.
You are very clumsy. (Dex -4)
You are robust. (+10% HP)
You sometimes lose the ability to read scrolls when taking damage.


Message History

The wyvern zombie closely misses you.
Casting: Magic Dart (safe; 7% risk of failure)
Confirm with . or Enter, or press ? or * to list all spells.
Aiming: Magic Dart (safe; 7% risk of failure)
Press: ? - help, Shift-Dir - straight line, f/p - wyvern zombie
Aim: a wyvern zombie (moderately damaged, 100% to hit)
The magic dart hits the wyvern zombie.
The wyvern zombie is moderately damaged.
The wyvern zombie bites you but does no damage.
Casting: Magic Dart (safe; 7% risk of failure)
Confirm with . or Enter, or press ? or * to list all spells.
Aiming: Magic Dart (safe; 7% risk of failure)
Press: ? - help, Shift-Dir - straight line, f/p - wyvern zombie
Aim: a wyvern zombie (moderately damaged, 100% to hit)
The magic dart hits the wyvern zombie.
The wyvern zombie is moderately damaged.
The wyvern zombie bites you! x2
* * * LOW HITPOINT WARNING * * *
Casting: Magic Dart (safe; 7% risk of failure)
Confirm with . or Enter, or press ? or * to list all spells.
Aiming: Magic Dart (safe; 7% risk of failure)
Press: ? - help, Shift-Dir - straight line, f/p - wyvern zombie
Aim: a wyvern zombie (moderately damaged, 100% to hit)
The magic dart hits the wyvern zombie but does no damage.
The wyvern zombie is moderately damaged.
You block the wyvern zombie's attack.
Casting: Magic Dart (safe; 7% risk of failure)
Confirm with . or Enter, or press ? or * to list all spells.
You don't have enough magic to cast this spell.
It was a potion of flight.
You feel very buoyant.
You fly up into the air.
The wyvern zombie bites you but does no damage.
It was a potion of mutation.
You feel extremely strange.
You feel clumsy.
You lose the ability to read scrolls when threatened.
You feel clumsy.
You feel robust.
The wyvern zombie bites you but does no damage.
The wyvern zombie bites you.
You die...

# ##.## .
#....####...#
#....@.....#
.......Z#.##.#
###....## #
#.... #..#.
....#. .... ..
.#.. ..


You could see a wyvern zombie.

Vanquished Creatures
  A gnoll shaman (D:3)
  An iguana (D:4)
  5 adders
  An ufetubus (D:4)
  2 dart slugs
  6 orcs
  4 bats
  An endoplasm (D:3)
  A giant cockroach (D:2)
  8 goblins
  3 hobgoblins
  2 kobolds
  4 quokkas
  5 ball pythons
  A frilled lizard (D:1)
  3 rats
48 creatures vanquished.

Notes
Turn   | Place    | Note
-------+----------+-------------------------------------------
     0 | D:1      | DungeonMaster the Demonspawn Hedge Wizard began the quest
                  | for the Orb.
     0 | D:1      | Reached XP level 1. HP: 13/13 MP: 4/4
   399 | D:1      | Found Limenoe's Antique Armour Boutique.
   961 | D:2      | Gained mutation: A meltable shield of frost defends you.
                  | (SH +4) [demonic ancestry]
   961 | D:2      | Reached XP level 2. HP: 19/19 MP: 4/6
  1042 | D:2      | Found a faded altar of an unknown god.
  1393 | D:2      | Found a runed translucent door.
  1394 | D:2      | Noticed Crazy Yiuf
  1921 | D:3      | Reached XP level 3. HP: 24/24 MP: 0/7
  1988 | D:3      | Learned a level 2 spell: Blink
  1992 | D:3      | Learned a level 3 spell: Mephitic Cloud
  2370 | D:3      | Reached skill level 1 in Armour
  3174 | D:4      | Reached XP level 4. HP: 30/30 MP: 5/9
  3364 | D:4      | Noticed a phantom
  3589 | D:3      | Reached skill level 1 in Air Magic
  3589 | D:3      | Reached skill level 1 in Poison Magic
  4368 | D:5      | Entered Level 5 of the Dungeon
  4368 | D:5      | Noticed an ogre
  4368 | D:5      | Noticed a centaur
  4383 | D:4      | Gained mutation: You have a small tail. [demonic ancestry]
  4383 | D:4      | Reached XP level 5. HP: 13/35 MP: 1/10
  4638 | D:5      | HP: 1/35 [wyvern zombie (10)]
  4641 | D:5      | Gained mutation: You are clumsy. (Dex -2) [potion of
                  | mutation]
  4641 | D:5      | Gained mutation: You sometimes lose the ability to read
                  | scrolls when taking damage. [potion of mutation]
  4641 | D:5      | Gained mutation: You are very clumsy. (Dex -4) [potion of
                  | mutation]
  4641 | D:5      | Gained mutation: You are robust. (+10% HP) [potion of
                  | mutation]
  4641 | D:5      | Slain by a wyvern zombie

Illustrated notes

Levels and vault maps discovered:
D:1:      wander_arrival_peaceful_grave, layout_loops_ring, serial_shops,
          nicolae_shop_temple_entry_statues_fountains
D:2:      layout_rooms, shapermc_ecumenical_altar_petra, uniq_crazy_yiuf_cottage
D:3:      layout_loops_ring, nrook_loot_triangle, minmay_misc_feat_hallway
D:4:      layout_gridville, minmay_misc_feat_pillars, minmay_crystal_room,
          grunt_decor_arrowhead, kennysheep_cross_room, minmay_pentangle
D:5:      layout_cave_pools, lightli_temple_of_fire

Skill      XL: |  1  2  3  4 |
---------------+-------------+-----
Conjurations   | 2 |  2.6
Armour         | 1 |  1.7
Air Magic      | 1 |  1.3
Poison Magic   | 1 |  1.4
Dodging        | |  1.7
Stealth        | |  1.7
Spellcasting   | |  3.8
Summonings     | |  1.0
Translocations | |  0.8

Action                   |  1- 3 |  4- 6 || total
-------------------------+-------+-------++-------
Melee: Mace              |    10 |     4 ||    14
       Rapier            |       |     9 ||     9
 Cast: Magic Dart        |    86 |    72 ||   158
       Mephitic Cloud    |       |     1 ||     1
  Use: Scroll            |     6 |     1 ||     7
       Potion            |       |     2 ||     2
 Stab: Sleeping          |     1 |       ||     1
       Confused          |       |     4 ||     4
Armor: Robe              |     2 |       ||     2
       Leather armour    |    14 |    11 ||    25
Dodge: Dodged            |    16 |    17 ||    33
Block: Other             |     6 |     9 ||    15
